cohdb
Replays
Latest Replays
All Replays
Popular Replays
Top Player Replays
Match Explorer
How It Works
Community
CoH3 Stats
Reddit
Sign in to upload your games and track your stats! →
Sign in with Steam
Match 42370581
Unlisted
Match 42370581
Overview
Messages
Build Orders
End
Kradschützen Motorcycle Team
Panzergrenadier Squad
250 Light Carrier
Panzergrenadier Squad
Construct Light Support Kompanie
Fire Support Elements
MG34 Team
2.5-tonne Medical Truck
Combat Half-tracks
Vehicle Survival Package
Pak 38 Mechanized Group
Construct Panzerarmee Kommand
Selects Armored Support Battlegroup
Selects Veteran Gunners
Selects Vehicle Awareness
Panzer III L Medium Tank
Selects Panzer Storm
Panzer III L Medium Tank
Emergency Repair Kits
Tungsten Core Ammunition
Panzer III L Medium Tank
Selects Flammpanzer III Medium Tank
Panzergrenadier Squad
Veteran Squad Leaders
Walking Stuka Rocket Launcher
Selects Stuka Anti-tank Loiter
Etgo
Jarkke
Sandman
Enoche
0
0
Comments
sign in to comment!
No comments posted yet!